 Dungeon Crawl Stone Soup version 0.31-a0-1071-gaead2f62b1 (webtiles) character file.

Game seed: 7980321511773331679

186 Jeffwins the Ruffian (level 5, -21/41 HPs)
             Began as an Armataur Shapeshifter on Nov 26, 2023.
             Demolished by an ogre
             ... wielding a +0 giant club
              (30 damage)
             ... on level 4 of the Dungeon.
             The game lasted 00:06:39 (3174 turns).

Jeffwins the Ruffian (Armataur Shapeshifter)        Turns: 3174, Time: 00:06:40

Health: -21/41     AC:  4    Str: 20    XL:     5   Next: 38%
Magic:  6/6        EV: 10    Int: 12    God:
Gold:   26         SH:  0    Dex:  9    Spells: 5/5 levels left

rFire   . .          .
                       - Unarmed
rCold   . . .        (no shield)
rNeg    . . .        a - +0 animal skin
rPois   .            (helmet currently unavailable)
rElec   .            (cloak currently unavailable)
rCorr   .            (gloves currently unavailable)
SInv    .            (no barding)
Will    .....        (no amulet)
Stlth   +            Y - +4 ring of slaying
HPRegen 0.26/turn    (no ring)
MPRegen 0.10/turn

%: roll
@: beast-form
A: beast (slay +2), large, deformed body, tough skin 3, armoured tail, roll 1,
long tongue
a: Begin Untransformation


You were on level 4 of the Dungeon.
You were a hulking beast.
You visited 1 branch of the dungeon, and saw 4 of its levels.

You collected 186 gold pieces.
You spent 160 gold pieces at shops.


Innate Abilities, Weirdness & Mutations

You are a hulking beast.
Your limbs bulge with bestial killing power. (Slay +2)
Armour fits poorly on your strangely shaped body.
You have extremely tough skin. (AC +3)
You have a long armoured tail.
You roll when moving toward enemies. (Rampage)
Your long tongue fully drains potion bottles. (2x potion effects)


   Skills:
 + Level 1.9 Fighting
 + Level 2.0 Dodging
 * Level 3.8 Unarmed Combat
 + Level 0.9 Spellcasting
 + Level 0.0 Evocations
 * Level 3.6 Shapeshifting


You had 5 spell levels left.
You didn't know any spells.
Your spell library contained the following spells:

 Spells                   Type           Power      Damage    Failure   Level
 Apportation              Tloc           0%         N/A       30%         1
 Necrotise                Necr           0%         1d4       30%         1
 Summon Small Mammal      Summ           0%         N/A       30%         1
 Sublimation of Blood     Necr           0%         N/A       43%         2
 Wereblood                Tmut           0%         N/A       43%         2
 Ozocubu's Armour         Ice            0%         N/A       67%         3
 Tukima's Dance           Hex            0%         N/A       67%         3
 Dimensional Bullseye     Hex/Tloc       0%         N/A       97%         4
 Iskenderun's Mystic Bla  Conj/Tloc      0%         2d3       97%         4
 Ozocubu's Refrigeration  Ice            0%         4d7       100%        7
 Summon Hydra             Summ           0%         N/A       100%        7

Inventory:

Armour
 a - a +0 animal skin (worn)
 n - a +0 cloak
Jewellery
 C - a ring of ice
 Y - a +4 ring of slaying (left hand)
Talismans
 c - a beast talisman
 d - a flux talisman
 k - a maw talisman
 q - a serpent talisman
Wands
 r - a wand of mindburst (17)
Scrolls
 e - a scroll of enchant weapon
 g - a scroll of teleportation {@r4}
 h - a scroll of fog
 l - 4 scrolls of poison {unknown}
 m - 2 scrolls of fear
 o - 3 scrolls of immolation {!r}
 t - a scroll of enchant armour
 u - a scroll of brand weapon {unknown}
 v - a scroll of revelation
Potions
 b - 2 potions of lignification {!q}
 f - a potion of brilliance {unknown}
 i - a potion of berserk rage {unknown}
 j - 2 potions of might {unknown}
 s - a potion of degeneration {unknown}

Dungeon Overview and Level Annotations

Branches:
Dungeon (4/15)
 Temple: D:4-7

Altars:

Shops:
D:3

[?:(* .. ##.... ..
##..... ### . .
###..... ###.###
..###...... ##.....##
#......... #.......##
#...... ##........#
#.O.# ##..........
#.h## #...........
##..####...........
#..................
#....###............
#...####.............
#...# #.............
#...# ##.............
...# #..............
..# #..............


You could see an ogre.


Message History

The ogre shouts!
An ogre is nearby!
An ogre is nearby!
Unknown command.
You don't know any spells.
Unknown command.
Okay, then.
Unknown command.
Okay, then.
You don't know any spells.
Unknown command.
Okay, then.
Aiming: Mindburst
Press: ? - help, Shift-Dir - straight line, f - ogre
Aim: an ogre, wielding a +0 giant club (chance to affect: 64%)
The ogre's mind is blasted!!
There are no items here.
You roll towards the ogre!
The ogre hits you with a +0 giant club!!
Ouch! That really hurt!
* * * LOW HITPOINT WARNING * * *
There is a stone staircase leading down, spattered with blood here.
You barely miss the ogre.
The ogre is severely wounded.
Unknown command.
You hit the ogre.
The ogre is almost dead.
The ogre hits you with a +0 giant club!!
Ouch! That really hurt!
You die...

Skill      XL: |  1  2  3  4  5 |
---------------+----------------+-----
Fighting       | 1 |  1.9
Unarmed Combat | 3 |  3.8
Shapeshifting  | 3 |  3.6
Dodging        | 2 |  2.0
Spellcasting   | |  0.9

Action                     |  1- 3 |  4- 6 || total
---------------------------+-------+-------++-------
  Melee: Unarmed           |   111 |    73 ||   184
         Tailslap          |     5 |     6 ||    11
         Punch             |     1 |     1 ||     2
  Evoke: Wand              |       |     1 ||     1
    Use: Potion            |     1 |       ||     1
         Scroll            |       |     5 ||     5
 Armour: Animal skin       |    84 |    38 ||   122
         Skin              |     2 |       ||     2
  Dodge: Dodged            |    48 |    26 ||    74

Levels and vault maps discovered:
D:1:      spicycebolla_arrival_xxxplode, layout_loops_corners,
          kennysheep_another_room
D:2:      layout_basic, minmay_fractal_squares_5
D:3:      layout_loops_corners, serial_shops, nicolae_shop_hallway_stairs, shop,
          shop, shop, nicolae_shop_stone, grunt_decor_junction
D:4:      layout_cave_pods

Notes
Turn   | Place    | Note
-------+----------+-------------------------------------------
     0 | D:1      | Jeffwins the Armataur Shapeshifter began the quest for the
                  | Orb.
     0 | D:1      | Reached XP level 1. HP: 15/15 MP: 1/1
   125 | D:1      | Reached skill level 1 in Fighting
   385 | D:1      | Reached XP level 2. HP: 23/23 MP: 2/2
   473 | D:1      | Reached skill level 3 in Unarmed Combat
   819 | D:1      | Reached skill level 3 in Shapeshifting
  1048 | D:2      | Reached XP level 3. HP: 25/28 MP: 3/3
  1711 | D:3      | Reached XP level 4. HP: 21/35 MP: 4/4
  1852 | D:3      | Found Sawuosmi's Magic Scroll Emporium.
  1861 | D:3      | Bought a scroll of identify for 20 gold pieces
  1861 | D:3      | Bought a scroll of fear for 40 gold pieces
  1861 | D:3      | Bought a scroll of identify for 20 gold pieces
  1861 | D:3      | Bought a scroll of immolation for 40 gold pieces
  2194 | D:3      | Reached XP level 5. HP: 28/41 MP: 4/6
  2275 | D:3      | Found Byrec's Antique Weapon Shoppe.
  2306 | D:3      | Reached skill level 2 in Dodging
  2360 | D:3      | Found Idoter's Armour Boutique.
  2372 | D:3      | Found Engaan's Book Shop.
  2609 | D:3      | Found Lobleleu's Assorted Antiques.
  2917 | D:3      | Bought a scroll labelled TIUNOURABI for 20 gold pieces
  2917 | D:3      | Bought a scroll labelled KYANOC QIOTU for 20 gold pieces
  3169 | D:4      | Noticed an ogre
  3174 | D:4      | Demolished by an ogre

Vanquished Creatures
  An orc priest (D:3)
  An iguana (D:3)
  3 gnolls (D:3)
  3 adders
  A dart slug (D:3)
  4 orcs (D:3)
  7 bats
  3 endoplasms
  4 giant cockroaches
  8 goblins
  5 hobgoblins
  6 jackals
  5 kobolds
  3 quokkas
  5 ball pythons
  5 frilled lizards
  3 rats
67 creatures vanquished.

Table legend: (Time is in decaauts)
 A = Elapsed time spent in this place.
 B = Non-inter-level travel time spent in this place.
 C = Inter-level travel time spent in this place.
 D = Time resting spent in this place.
 E = Time spent auto-exploring this place.
 F = Levels seen in this place.
 G = Mean time per level.
                   A        B        C        D        E       F      G
               +--------+--------+--------+--------+--------+-----+--------+
         Total |   3162 |   2967 |    195 |    139 |   2399 |   4 |  790.5 |
       Dungeon |   3162 |   2967 |    195 |    139 |   2399 |   4 |  790.5 |
               +--------+--------+--------+--------+--------+-----+--------+

Top non-repeatable levels by time:
     D:3: 1231 daAuts
     D:1: 1010 daAuts
     D:2: 631 daAuts
     D:4: 288 daAuts

Table legend:
 A = Non-vault XP
 B = Vault XP
 C = Vault XP percentage of total XP
 D = Non-vault monster count
 E = Vault monster count
 F = Vault count percentage of total count
                 A         B        C        D         E       F
            +---------+---------+-------+---------+---------+-------
      Total |     240 |      26 |   9.8 |      58 |       9 |  13.4
            +---------+---------+-------+---------+---------+-------
        D:1 |      27 |       4 |  12.9 |      16 |       2 |  11.1
        D:2 |      16 |      22 |  57.9 |      10 |       7 |  41.2
        D:3 |     189 |       0 |   0.0 |      28 |       0 |   0.0
        D:4 |       8 |       0 |   0.0 |       4 |       0 |   0.0
            +---------+---------+-------+---------+---------+-------
